Workbook

Sheet Scoring
A1: Regulatory Scoring
A2: Agency:
A3: HUD
A4: Rule title:
A5: Housing Trust Fund Program
A6: RIN
A7: 2506-AC23 | B7: RIA | C7: separate? | D7: Yes
A8: Stage | B8: Publication Date
A9: Proposed | B9: 40151
A10: Rule summary:
A11: The Housing and Economic Recovery Act of 2008 establishes a Housing Trust Fund to be administered by HUD. The purpose of the fund is to provide grants to states to increase and preserve the supply of rental housing for extremely low- and very low-income families, including homeless families, and to increase homeownership for extremely low- and very low-income families. The Housing and Economic Recovery Act of 2008 charges HUD to establish through regulation the formula for the distribution of the Housing Trust Fund to states. The statute specifies that only certain factors are to be part of the formula and assigns priority to certain factors. This proposed rule submits, for public comment, the proposed formula for allocating funds from the Housing Trust Fund.
A15: Openness | B15: Score | C15: Comments
A16: 1. How easily were the RIA, the proposed rule, and any supplementary materials found online? | B16: ='Topic 1 - Openness'!B3 -> 4 | C16: 1A
A17: 2. How verifiable are the data used in the analysis? | B17: ='Topic 1 - Openness'!B4 -> 1 | C17: 1B
A18: 3. How verifiable are the models and assumptions used in the analysis? | B18: ='Topic 1 - Openness'!B5 -> 2 | C18: 1C
A19: 4. Was the Regulatory Impact Analysis comprehensible to an informed layperson? | B19: ='Topic 1 - Openness'!B6 -> 3 | C19: 1D
A20: Total Openness (Sum of 1-4) | B20: =B16+B17+B18+B19 -> 10
A23: Analysis | B23: Score | C23: Comments
A24: 5. How well does the analysis identify the desired outcomes and demonstrate that the regulation will achieve them? | B24: ='Topic 2 - Analysis'!B4 -> 1 | C24: 2A
A25: 6. How well does the analysis identify and demonstrate the existence of a market failure or other systemic problem the regulation is supposed to solve? | B25: ='Topic 2 - Analysis'!B10 -> 0 | C25: 2B
A26: 7. How well does the analysis assess the effectiveness of alternative approaches? | B26: ='Topic 2 - Analysis'!B15 -> 1 | C26: 2C
A27: 8. How well does the analysis assess costs and benefits? | B27: ='Topic 2 - Analysis'!B20 -> 1 | C27: 2D
A28: Total Analysis (Sum of 5-8) | B28: =B24+B25+B26+B27 -> 3
A31: Use | B31: Score | C31: Comments
A32: 9. Does the proposed rule or the RIA present evidence that the agency used the Regulatory Impact Analysis? | B32: ='Topic 3 - Use'!B3 -> 4 | C32: 3A
A33: 10. Did the agency maximize net benefits or explain why it chose another alternative? | B33: ='Topic 3 - Use'!B4 -> 0 | C33: 3B
A34: 11. Does the proposed rule establish measures and goals that can be used to track the regulation’s results in the future? | B34: ='Topic 3 - Use'!B5 -> 0 | C34: 3C
A35: 12. Did the agency indicate what data it will use to assess the regulation’s performance in the future and establish provisions for doing so? | B35: ='Topic 3 - Use'!B6 -> 1 | C35: 3D
A36: Total Use (Sum of 9-12) | B36: =B32+B33+B34+B35 -> 5
A39: Total Score | B39: =SUM(B20+B28+B36) -> 18

Sheet Scoring Summary
A1: Rule Title | B1: RIN | C1: Agency | D1: Pub Date | E1: RIA separate? | F1: Total (G+H+J) | G1: Openness | H1: Analysis | I1: Quality (G+H) | J1: Use | K1: 1 | L1: 2 | M1: 3 | N1: 4 | O1: 5 | P1: 5A | Q1: 5B | R1: 5C | S1: 5D | T1: 5E | U1: 6 | V1: 6A | W1: 6B | X1: 6C | Y1: 6D | Z1: 7 | AA1: 7A | AB1: 7B | AC1: 7C | AD1: 7D | AE1: 8 | AF1: 8A | AG1: 8B | AH1: 8C | AI1: 8D | AJ1: 8E | AK1: 8F | AL1: 8G | AM1: 8H | AN1: 8I | AO1: 9 | AP1: 10 | AQ1: 11 | AR1: 12
A2: =Scoring!A5 -> Housing Trust Fund Program | B2: =Scoring!A7 -> 2506-AC23 | C2: =Scoring!A3 -> HUD | D2: =Scoring!B9 -> 40151 | E2: =Scoring!D7 -> Yes | F2: =G2+H2+J2 -> 18 | G2: =SUM(K2:N2) -> 10 | H2: =O2+U2+Z2+AE2 -> 3 | I2: =G2+H2 -> 13 | J2: =SUM(AO2:AR2) -> 5 | K2: ='Topic 1 - Openness'!B3 -> 4 | L2: ='Topic 1 - Openness'!B4 -> 1 | M2: ='Topic 1 - Openness'!B5 -> 2 | N2: ='Topic 1 - Openness'!B6 -> 3 | O2: ='Topic 2 - Analysis'!B4 -> 1 | P2: ='Topic 2 - Analysis'!B5 -> 3 | Q2: ='Topic 2 - Analysis'!B6 -> 1 | R2: ='Topic 2 - Analysis'!B7 -> 1 | S2: ='Topic 2 - Analysis'!B8 -> 1 | T2: ='Topic 2 - Analysis'!B9 -> 1 | U2: ='Topic 2 - Analysis'!B10 -> 0 | V2: ='Topic 2 - Analysis'!B11 -> 1 | W2: ='Topic 2 - Analysis'!B12 -> 0 | X2: ='Topic 2 - Analysis'!B13 -> 0 | Y2: ='Topic 2 - Analysis'!B14 -> 0 | Z2: ='Topic 2 - Analysis'!B15 -> 1 | AA2: ='Topic 2 - Analysis'!B16 -> 3 | AB2: ='Topic 2 - Analysis'!B17 -> 1 | AC2: ='Topic 2 - Analysis'!B18 -> 1 | AD2: ='Topic 2 - Analysis'!B19 -> 0 | AE2: ='Topic 2 - Analysis'!B20 -> 1 | AF2: ='Topic 2 - Analysis'!B21 -> 2 | AG2: ='Topic 2 - Analysis'!B22 -> 2 | AH2: ='Topic 2 - Analysis'!B23 -> 0 | AI2: ='Topic 2 - Analysis'!B24 -> 0 | AJ2: ='Topic 2 - Analysis'!B25 -> 0 | AK2: ='Topic 2 - Analysis'!B26 -> 0 | AL2: ='Topic 2 - Analysis'!B27 -> 0 | AM2: ='Topic 2 - Analysis'!B28 -> 2 | AN2: ='Topic 2 - Analysis'!B29 -> 1 | AO2: ='Topic 3 - Use'!B3 -> 4 | AP2: ='Topic 3 - Use'!B4 -> 0 | AQ2: ='Topic 3 - Use'!B5 -> 0 | AR2: ='Topic 3 - Use'!B6 -> 1

Sheet Topic 1 - Openness
A1: Openness (Accessible, Data and Models Verifiable, and Comprehensible)
A2: Crirerion | B2: Score | C2: Com. No. | D2: Comment
A3: 1. How easily were the RIA , the proposed rule, and any supplementary materials found online? | B3: 4 | C3: 1 | D3: This regulation, but not the RIA, is easily findable by searching the RIN on regulations.gov. The preamble of the regulation points the reader to the HUD website in order to find the RIA. On the HUD website, search for "Housing Trust Fund," and fourth down on the page is the Housing Fund RIA.
A4: 2. How verifiable are the data used in the analysis? | B4: 1 | C4: 2 | D4: The RIA vaguely mentions some data sources (e.g., U.S. Census) but does not specify which data are used or where they can be found.
A5: 3. How verifiable are the models and assumptions used in the analysis? | B5: 2 | C5: 3 | D5: Calculations are explained. A few relevant government reports are cited. Since there is little analysis beyond calculation of alternative formulas, little research was done.
A6: 4. Was the analysis comprehensible to an informed layperson? | B6: 3 | C6: 4 | D6: Calculations are relatively simple, yet hard to understand. The few results—mostly funding allocations among states—are understandable, as are the main reasons for differences from use of different formulas. The preamble contains a helpful list of definitions.

Sheet Topic 2 - Analysis
A1: Analysis (Outcomes, Systemic Problem, Alternatives, Benefit-Cost)
A2: Criterion | B2: Score | C2: Com. No. | D2: Comment
A4: 5. How well does the analysis identify the desired outcomes and demonstrate that the regulation will achieve them? | B4: =ROUND(AVERAGE(B5:B9),0) -> 1
A5: Does the analysis clearly identify ultimate outcomes that affect citizens’ quality of life? | B5: 3 | C5: 5A | D5: Reduced homelessness and "doubling up" among extremely low-income families are mentioned. Not much analysis is provided.
A6: Does the analysis identify how these outcomes are to be measured? | B6: 1 | C6: 5B | D6: Not explicitly. The RIA does not attempt to measure benefits, but the outcomes mentioned could be measured.
A7: Does the analysis provide a coherent and testable theory showing how the regulation will produce the desired outcomes? | B7: 1 | C7: 5C | D7: A single paragraph at the end simply asserts the benefits will be like those of the housing voucher programs: "The primary benefits of the Housing Trust Fund are expected to be similar to the Housing Choice Voucher program. The 'Effects of Housing Vouchers' random assignment evaluation of the impact of receiving a housing voucher versus not receiving a housing voucher showed the primary benefit of housing assistance programs to be reducing homelessness and doubling up among extremely low income families, a problem sought to be addressed through careful targeting of housing trust fund dollars in this rule to markets with inadequate supply. Thus, the primary benefit of the program against no funding or funding without targeting will be to reduce the number of homeless families and individuals in relatively tight housing markets."
A8: Does the analysis present credible empirical support for the theory? | B8: 1 | C8: 5D | D8: The paragraph cited above claims that research on housing vouchers supports the claim that the rule will produce benefits.
A9: Does the analysis adequately assess uncertainty about the outcomes? | B9: 1 | C9: 5E | D9: The analysis mentions uncertainty about the fact that total amount of funding is outside the department's control, but there is no analysis of uncertainty.
A10: 6. How well does the analysis identify and demonstrate the existence of a market failure or other systemic problem the regulation is supposed to solve? | B10: =ROUND(AVERAGE(B11:B14),0) -> 0
A11: Does the analysis identify a market failure or other systemic problem? | B11: 1 | C11: 6A | D11: A shortage of supply of very low income housing is simply asserted with no explanation.
A12: Does the analysis outline a coherent and testable theory that explains why the problem (associated with the outcome above) is systemic rather than anecdotal? | B12: 0 | C12: 6B | D12: No relevant discussion.
A13: Does the analysis present credible empirical support for the theory? | B13: 0 | C13: 6C | D13: No relevant discussion.
A14: Does the analysis adequately assess uncertainty about the existence or size of the problem? | B14: 0 | C14: 6D | D14: No relevant discussion.
A15: 7. How well does the analysis assess the effectiveness of alternative approaches? | B15: =ROUND(AVERAGE(B16:B19),0) -> 1
A16: Does the analysis enumerate other alternatives to address the problem? | B16: 3 | C16: 7A | D16: HUD analyzes several alternatives that involve weighting the allocation factors differently. Other than that, "The Housing Trust Fund is a new program created in the Housing and Economic Recovery Act of 2008. Failure to create a rule would be in violation of the Act. There is no alternative to this regulation."
A17: Is the range of alternatives considered narrow (e.g., some exemptions to a regulation) or broad (e.g., performance-based regulation vs. command and control, market mechanisms, nonbinding guidance, information disclosure, addressing any government failures that caused the original problem)? | B17: 1 | C17: 7B | D17: These are relatively narrow alternatives.
A18: Does the analysis evaluate how alternative approaches would affect the amount of the outcome achieved? | B18: 1 | C18: 7C | D18: The analysis focuses on how the payment outlays would differ to states under the different weighting systems but not how these differences would affect the ultimate human outcomes of the program.
A19: Does the analysis adequately address the baseline? That is, what the state of the world is likely to be in the absence of federal intervention not just now but in the future? | B19: 0 | C19: 7D | D19: No relevant discussion.
A20: 8. How well does the analysis assess costs and benefits? | B20: =ROUND(AVERAGE(B21:B29),0) -> 1
A21: Does the analysis identify and quantify incremental costs of all alternatives considered? | B21: 2 | C21: 8A | D21: The analysis is based on a "hypothetical" $1 billion federal appropriation. No other costs are considered.
A22: Does the analysis identify all expenditures likely to arise as a result of the regulation? | B22: 2 | C22: 8B | D22: It identifies only hypothetical federal expenditures.
A23: Does the analysis identify how the regulation would likely affect the prices of goods and services? | B23: 0 | C23: 8C | D23: No relevant discussion.
A24: Does the analysis examine costs that stem from changes in human behavior as consumers and producers respond to the regulation? | B24: 0 | C24: 8D | D24: No relevant discussion.
A25: If costs are uncertain, does the analysis present a range of estimates and/or perform a sensitivity analysis? | B25: 0 | C25: 8E | D25: No relevant discussion.
A26: Does the analysis identify the alternative that maximizes net benefits? | B26: 0 | C26: 8F | D26: Since benefits are not calculated, net benefits could not be calculated.
A27: Does the analysis identify the cost-effectiveness of each alternative considered? | B27: 0 | C27: 8G | D27: Since benefits are not calculated, cost-effectivess could not be calculated.
A28: Does the analysis identify all parties who would bear costs and assess the incidence of costs? | B28: 2 | C28: 8H | D28: The RIA calculates how different weightings of allocation factors would affect distribution of funding among states. The RIA notes that the trust fund was supposed to be funded out of Fannie Mae and Freddie Mac profits; since there are no profits, the administration has requested an appropriation.
A29: Does the analysis identify all parties who would receive benefits and assess the incidence of benefits? | B29: 1 | C29: 8I | D29: HUD points to extremely low-income families (with a specific definition) as the primary beneficiaries.

Sheet Topic 3 - Use
A1: Use
A2: Criterion | B2: Score | C2: Com. No. | D2: Comment
A3: 9. Does the proposed rule or the RIA present evidence that the agency used the analysis? | B3: 4 | C3: 9 | D3: Preamble and RIA claim that the chosen funding formula strikes a balance for states that have high "needs" that are attributable to different causes. It is plausible that HUD would not have made the decision on the funding formula without exploring the effects of these alternative calculations.
A4: 10. Did the agency maximize net benefits or explain why it chose another alternative? | B4: 0 | C4: 10 | D4: Costs are clear; benefits are not measured. Preamble shows no evidence that HUD was cognizant of or concerned about net benefits.
A5: 11. Does the proposed rule establish measures and goals that can be used to track the regulation's results in the future? | B5: 0 | C5: 11 | D5: No goals or measures established, and no useful content that could be used to establish them,
A6: 12. Did the agency indicate what data it will use to assess the regulation's performance in the future and establish provisions for doing so? | B6: 1 | C6: 12 | D6: Statistics used in the formula suggest that HUD does have relevant data to develop outcome measures and goals, but the structure of the RIA provides no guidance on how to use these data in that way.
